 Dungeon Crawl Stone Soup version 0.31-a0-175-g9f7f995f2b (webtiles) character file.

Game seed: 9276539880797961397

1612 mopl the Sneak (level 8, 0/38 (42) HPs)
             Began as a Vine Stalker Enchanter on June 16, 2023.
             Slain by a wight
             ... wielding a +5 dire flail
              (5 damage)
             ... on level 6 of the Dungeon.
             The game lasted 00:07:33 (3895 turns).

mopl the Sneak (Vine Stalker Enchanter)             Turns: 3895, Time: 00:07:34

HP:   0/38 (42)     AC:  8    Str: 12    XL:     8   Next: 95%
MP:   0/16          EV: 12    Int: 17    God:
Gold: 214           SH:  0    Dex: 14    Spells: 8/16 levels left

rFire   . . .        a - +2 dagger (protect)
rCold   . . .        (no shield)
rNeg    . . .        i - +0 robe "Ucucuwest" {Stlth+}
rPois   .            h - +0 helmet
rElec   .            j - +1 cloak "Rentanav" {SInv}
rCorr   .            m - +2 pair of gloves
SInv    +            (no boots)
Will    +....        (no amulet)
Stlth   ++++         (no ring)
HPRegen 1.06/turn    (no ring)
MPRegen 0.15/turn

%: guardian spirit
@: drained
A: fangs 3, regeneration 1, magic shield, antimagic bite, no potion heal 2
a: no special abilities


You were on level 6 of the Dungeon.
You visited 1 branch of the dungeon, and saw 6 of its levels.

You collected 388 gold pieces.
You spent 174 gold pieces at shops.

Inventory:

Hand Weapons
 a - a +2 dagger of protection (weapon)
Missiles
 e - 13 poisoned darts
 p - 5 atropa-tipped darts
Armour
 h - a +0 helmet (worn)
 i - the +0 robe "Ucucuwest" (worn) {Stlth+}
   (You found it on level 2 of the Dungeon)

   Stlth:     It makes you more stealthy.
 j - the +1 cloak "Rentanav" (worn) {SInv}
   (You found it on level 2 of the Dungeon)

   SInv:      It lets you see invisible.
 m - a +2 pair of gloves (worn)
 q - a +0 buckler
 x - a +1 leather armour of fire resistance
 z - +0 steam dragon scales
Jewellery
 s - a ring of fire
Scrolls
 b - a scroll of acquirement {unknown}
 f - 2 scrolls of identify
 k - 2 scrolls of fog {unknown}
 l - 2 scrolls of teleportation {unknown}
 o - a scroll of immolation {unknown}
 r - 2 scrolls of poison {unknown}
 v - 2 scrolls of fear {unknown}
 y - a scroll of blinking {unknown}
 A - a scroll of torment {unknown}
Potions
 c - 4 potions of invisibility
 d - 5 potions of curing {unknown}
 g - a potion of cancellation
 n - 2 potions of lignification {!q}
 t - 2 potions of mutation {!q}
 u - a potion of enlightenment
 w - a potion of berserk rage {unknown}


   Skills:
 + Level 3.9 Fighting
 + Level 4.1 Short Blades
 - Level 1.5 Dodging
 + Level 7.0 Stealth
 + Level 3.4 Shields
 + Level 4.9 Spellcasting
 + Level 5.3 Hexes


You had 8 spell levels left.
You knew the following spells:

 Your Spells              Type           Power      Damage    Failure   Level
b - Ensorcelled Hibernat  Hex/Ice        26%        N/A       7%          2
c - Confusing Touch       Hex            22%        N/A       4%          3
d - Tukima's Dance        Hex            22%        N/A       4%          3

Your spell library contained the following spells:

 Spells                   Type           Power      Damage    Failure   Level
 Dazzling Flash           Conj/Hex       26%        N/A       14%         3
 Blink                    Tloc           8%         N/A       22%         2
 Lesser Beckoning         Tloc           8%         N/A       22%         2
 Momentum Strike          Conj/Tloc      8%         3d8       22%         2
 Scorch                   Fire           8%         2d5       22%         2
 Yara's Violent Unravell  Hex/Tmut       6%         3d5       78%         5
 Flame Wave               Conj/Fire      4%         2d5       82%         4
 Passage of Golubria      Tloc           4%         N/A       82%         4
 Summon Cactus Giant      Summ           2%         N/A       100%        6


Dungeon Overview and Level Annotations

Branches:
Dungeon (6/15)
 Temple: D:4-7

Altars:
Ru
Trog
Vehumet

Shops:
D:4 (*


Innate Abilities, Weirdness & Mutations

You have razor-sharp teeth.
Your natural rate of healing is unusually fast.
When hurt, damage is shared between your health and your magic reserves.
Your bite disrupts and absorbs the magic of your enemies.
Potions cannot restore your health.


Message History

Unknown command.
Casting: Tukima's Dance (dangerous; 4% risk of failure)
Confirm with . or Enter, or press ? or * to list all spells.
Aiming: Tukima's Dance (dangerous; 4% risk of failure)
Press: ? - help, Shift-Dir - straight line, f/p - wight
Aim: a wight, wielding a +5 dire flail and wearing a +0 robe (moderately damaged, chance to affect: 54%)
The wight resists with significant effort.
The wight hits you with a +5 dire flail!
The wight closely misses you.
You hit the wight but do no damage. Your bite misses the wight.
The wight is moderately damaged.
The wight hits you with a +5 dire flail.
You feel drained. The wight barely misses you.
You barely miss the wight.
The wight is moderately damaged.
The wight hits you with a +5 dire flail!
You feel drained. The wight closely misses you.
You are too injured to fight recklessly!
You are too injured to fight recklessly!
You closely miss the wight. Your bite misses the wight.
The wight is moderately damaged.
The wight closely misses you.
The wight hits you from afar with a +2 halberd!
You feel drained.
* * * LOW HITPOINT WARNING * * *
The wight attacks as you move away! The wight barely misses you.
The wight attacks as you move away! The wight closely misses you.
The wight attacks as you move away!
The wight hits you with a +5 dire flail!
* * * LOW HITPOINT WARNING * * *
The wight attacks as you move away!
The wight hits you with a +5 dire flail!
* * * LOW HITPOINT WARNING * * *
The wight attacks as you move away! The wight misses you.
The wight attacks as you move away!
The wight hits you with a +5 dire flail.
* * * LOW HITPOINT WARNING * * *
The wight attacks as you move away!
The wight hits you with a +5 dire flail.
You die...

....#...........
#####...........
#######'########
#.......# #######
##.###### #<....# #.#...#
#.##.## ##.....###
#.##.### #........#
#......#######
#........###..#.@.......#
#........#....#.z.......#
########.#.#.##.z.......#
#.....##.........# #...#
###...)##........# #...#
#.........###### #...#
#.........# #...
#.........# ....
#.........#


You could see 2 wights.

Vanquished Creatures
  Maggie (D:6)
  Eustachio (D:6)
  Edmund (D:5)
  An orc warrior (D:6)
  An ice beast (D:5)
  2 ogres (D:6)
  3 phantoms
  A scorpion (D:6)
  3 wights (D:6)
  A howler monkey (D:5)
  A sleepcap (D:4)
  An orc wizard (D:5)
  10 adders
  An ufetubus (D:5)
  3 worms
  2 dart slugs
  8 orcs
  7 bats
  5 endoplasms
  A giant cockroach (D:2)
  7 goblins
  8 hobgoblins
  7 jackals
  6 kobolds
  A quokka (D:1)
  6 ball pythons
  3 frilled lizards
  5 rats
97 creatures vanquished.

Vanquished Creatures (others)
  3 dancing weapons
3 creatures vanquished.

Grand Total: 100 creatures vanquished

Notes
Turn   | Place    | Note
-------+----------+-------------------------------------------
     0 | D:1      | mopl the Vine Stalker Enchanter began the quest for the
                  | Orb.
     0 | D:1      | Reached XP level 1. HP: 9/9 MP: 4/4
    70 | D:1      | Reached skill level 1 in Short Blades
   144 | D:1      | Reached XP level 2. HP: 11/14 MP: 4/6
   147 | D:1      | Learned a level 2 spell: Ensorcelled Hibernation
   837 | D:2      | Identified the +0 robe "Ucucuwest" {Stlth+}
   864 | D:2      | Reached skill level 4 in Stealth
   864 | D:2      | Reached XP level 3. HP: 15/17 MP: 3/7
   907 | D:2      | Identified the +1 cloak "Rentanav" {SInv}
   943 | D:2      | Learned a level 3 spell: Confusing Touch
   981 | D:2      | Reached skill level 1 in Fighting
  1593 | D:3      | Gained mutation: Your natural rate of healing is unusually
                  | fast. [Vine Stalker growth]
  1593 | D:3      | Reached XP level 4. HP: 20/22 MP: 6/9
  1686 | D:3      | Learned a level 3 spell: Tukima's Dance
  2220 | D:4      | Found Guvver's Weapon Shoppe.
  2305 | D:4      | Noticed a phantom
  2339 | D:4      | Found a bloodstained altar of Trog.
  2340 | D:4      | Killed a phantom
  2341 | D:4      | Reached skill level 2 in Short Blades
  2341 | D:4      | Reached skill level 3 in Spellcasting
  2341 | D:4      | Reached XP level 5. HP: 26/26 MP: 8/10
  2516 | D:4      | Found Zycwog's Assorted Antiques.
  2520 | D:4      | Bought 2 white potions for 32 gold pieces
  2520 | D:4      | Bought a sedimented white potion for 16 gold pieces
  2520 | D:4      | Bought a scroll labelled LEIXEITZEA for 18 gold pieces
  2520 | D:4      | Bought a scroll labelled FADAPT QUWYMAU for 18 gold pieces
  2520 | D:4      | Bought a scroll labelled LEIXEITZEA for 18 gold pieces
  2520 | D:4      | Bought a scroll labelled ROXTOU AN HUCU for 18 gold pieces
  2520 | D:4      | Bought 3 scrolls labelled LEIXEITZEA for 54 gold pieces
  2721 | D:5      | Entered Level 5 of the Dungeon
  2762 | D:5      | Reached skill level 1 in Shields
  2855 | D:5      | Found a sacrificial altar of Ru.
  2856 | D:5      | Found a radiant altar of Vehumet.
  2875 | D:5      | Noticed a two-headed ogre
  2921 | D:5      | Reached XP level 6. HP: 30/30 MP: 5/11
  3000 | D:4      | Reached skill level 2 in Fighting
  3034 | D:5      | Reached skill level 5 in Stealth
  3042 | D:5      | Reached skill level 4 in Hexes
  3049 | D:5      | Noticed an ice beast
  3052 | D:5      | Noticed Edmund
  3069 | D:5      | Killed an ice beast
  3110 | D:5      | Killed Edmund
  3111 | D:5      | Reached XP level 7. HP: 35/35 MP: 7/13
  3348 | D:5      | You fall into a shaft and drop 1 floor!
  3401 | D:6      | Reached skill level 3 in Short Blades
  3401 | D:6      | Reached skill level 2 in Shields
  3413 | D:6      | Reached skill level 4 in Spellcasting
  3509 | D:6      | Reached skill level 3 in Fighting
  3528 | D:6      | Noticed Eustachio
  3540 | D:6      | Reached skill level 6 in Stealth
  3540 | D:6      | Gained mutation: You have razor-sharp teeth. [Vine Stalker
                  | growth]
  3540 | D:6      | Reached XP level 8. HP: 40/40 MP: 12/15
  3589 | D:6      | Killed Eustachio
  3724 | D:6      | Reached skill level 5 in Hexes
  3761 | D:6      | Noticed Maggie
  3778 | D:6      | Killed Maggie
  3779 | D:6      | Reached skill level 4 in Short Blades
  3779 | D:6      | Reached skill level 3 in Shields
  3873 | D:6      | Reached skill level 7 in Stealth
  3895 | D:6      | Slain by a wight

Illustrated notes

Levels and vault maps discovered:
D:1:      erik_arrival_blinker_ship, layout_basic
D:2:      layout_basic
D:3:      corexii_shack_village, layout_rooms, minmay_misc_feat_secret_circle,
          grunt_ministairs_13
D:4:      layout_cave_pools, amcnicky_altar_gilded, serial_shops,
          nicolae_shop_back_alley_shop, nicolae_shop_window_shopping, hex_medium
D:5:      cheibrodos_helix_gallery, layout_loops_cross,
          nicolae_overflow_squiral, uniq_edmund
D:6:      layout_basic, nrook_mini_backslash, uniq_maggie, uniq_eustachio

Skill      XL: |  1  2  3  4  5  6  7  8 |
---------------+-------------------------+-----
Short Blades   | 1 2 3 4 |  4.1
Stealth        | 4 5 6 7 |  7.0
Fighting       | 1 2 3 |  3.9
Spellcasting   | 3 4 |  4.9
Shields        | 1 2 3 |  3.4
Hexes          | 4 5 |  5.3
Dodging        | |  1.5

Action                     |  1- 3 |  4- 6 |  7- 9 || total
---------------------------+-------+-------+-------++-------
  Melee: Dagger            |    94 |   216 |   135 ||   445
         Bite              |    15 |    58 |    41 ||   114
         Punch             |       |     2 |     1 ||     3
   Cast: Ensorcelled Hiber |     5 |     8 |     9 ||    22
         Tukima's Dance    |       |     5 |    10 ||    15
         Confusing Touch   |       |     4 |     2 ||     6
    Use: Scroll            |       |     6 |       ||     6
   Stab: Sleeping          |    10 |    16 |     9 ||    35
         Distracted        |       |     1 |     1 ||     2
         Confused          |       |     2 |     1 ||     3
 Armour: Robe              |    17 |   101 |    37 ||   155
  Dodge: Dodged            |    50 |   117 |    67 ||   234

Table legend: (Time is in decaauts)
 A = Elapsed time spent in this place.
 B = Non-inter-level travel time spent in this place.
 C = Inter-level travel time spent in this place.
 D = Time resting spent in this place.
 E = Time spent auto-exploring this place.
 F = Levels seen in this place.
 G = Mean time per level.
                   A        B        C        D        E       F      G
               +--------+--------+--------+--------+--------+-----+--------+
         Total |   3848 |   3756 |     92 |     59 |   2471 |   6 |  641.3 |
       Dungeon |   3848 |   3756 |     92 |     59 |   2471 |   6 |  641.3 |
               +--------+--------+--------+--------+--------+-----+--------+

Top non-repeatable levels by time:
     D:1: 833 daAuts
     D:2: 720 daAuts
     D:3: 645 daAuts
     D:5: 581 daAuts
     D:4: 540 daAuts
     D:6: 526 daAuts
